 Dungeon Crawl Stone Soup version 0.17-a0-2073-gde5cdba (webtiles) character file.

3351 brucemayne the Cleaver (level 9, -2/81 HPs)
             Began as a Deep Dwarf Assassin on Oct 15, 2015.
             Was an Elder of Makhleb.
             Slain by an orc warrior
             ... wielding a +0 halberd
              (16 damage)
             ... on level 3 of the Orcish Mines.
             The game lasted 00:25:40 (4022 turns).

brucemayne the Cleaver (Deep Dwarf Assassin)        Turns: 4022, Time: 00:25:40

Health: -2/81      AC: 17    Str: 18    XL:     9   Next: 72%
Magic:  6/6        EV:  6    Int: 12    God:    Makhleb [****..]
Gold:   555        SH:  0    Dex: 14    Spells: 0 memorised, 8 levels left

rFire  . . .     SeeInvis .     f - +0 war axe
rCold  . . .     Clarity  .     w - +0 plate armour
rNeg   . . .     SustAt   .     (no shield)
rPois  .         Gourm    .     (no helmet)
rElec  .         Spirit   .     u - +2 cloak
rCorr  .         Warding  .     e - +0 pair of gloves
rMut   .         Stasis   .     (no boots)
MR     +....                    (no amulet)
Stlth  ..........               (no ring)
                                (no ring)

@: non-regenerating, somewhat resistant to hostile enchantments, extremely
unstealthy
A: damage resistance, recharge devices, sense surroundings 2, slow regeneration
3
a: Device Recharging, Minor Destruction, Lesser Servant of Makhleb, Major
Destruction, Renounce Religion


You were on level 3 of the Orcish Mines.
You worshipped Makhleb.
Makhleb was greatly pleased with you.
You were not hungry.

You visited 2 branches of the dungeon, and saw 13 of its levels.

You collected 555 gold pieces.

Inventory:

Hand Weapons
 a - a +2 dagger
 b - a +0 blowgun
 f - a +0 war axe (weapon)
 k - the +9 mace "Soxel" {flame, rElec Int+3, unknown}
   (You found it on level 7 of the Dungeon)

   It has been specially enchanted to burn those struck by it, causing extra
   injury to most foes and up to half again as much damage against particularly
   susceptible opponents.
   It affects your intelligence (+3).
   It insulates you from electricity.
 z - a +0 hand axe
Missiles
 C - 2 tomahawks (quivered)
 G - 20 poisoned needles
Armour
 c - a +0 robe
 d - a +0 cloak
 e - a +0 pair of gloves (worn)
 n - a +0 ring mail
 u - a +2 cloak (worn)
 w - a +0 plate armour (worn)
 B - the +0 scale mail "Hemenlo" {+Inv rF- rN+ MR+ SInv}
   (You found it on level 8 of the Dungeon)

   It makes you vulnerable to fire.
   It protects you from negative energy.
   It affects your resistance to hostile enchantments.
   It lets you see invisible.
   It lets you turn invisible.
 D - a +0 mottled dragon armour
Wands
 g - a wand of heal wounds (6)
 x - a wand of disintegration (2)
 A - a wand of flame (20)
Scrolls
 y - 2 scrolls of teleportation
 E - a scroll of fog
 F - a scroll of random uselessness {unknown}
 K - a scroll of immolation {unknown}
Potions
 j - a potion of invisibility
 o - 3 potions of curing
 p - a potion of cancellation
 q - 3 potions of flight
 r - a potion of magic {unknown}
 t - a potion of mutation {unknown}
 H - a potion of haste {unknown}
 I - a potion of resistance {unknown}
Books
 s - Iskenderun's Incunabulum of Conjuration and the Blaze
   (You found it on level 4 of the Dungeon)

   Spells                             Type                      Level
   a - Flame Tongue                   Conjuration/Fire             1
   b - Mephitic Cloud                 Conjuration/Poison/Air       3
   c - Iskenderun's Battlesphere      Conjuration/Charms           5
   d - Bolt of Fire                   Conjuration/Fire             6
 J - a Necronomicon

   Spells                             Type                      Level
   a - Haunt                          Necromancy/Summoning         7
   b - Borgnjor's Revivification      Necromancy                   8
   c - Death's Door                   Charms/Necromancy            8
   d - Necromutation                  Transmutation/Necromancy     8
Comestibles
 h - 4 bread rations
 i - 7 chunks of flesh
 l - 2 meat rations
 m - a slice of pizza


   Skills:
 - Level 5.6 Fighting
 - Level 1.7 Short Blades
 + Level 11.8 Axes
 - Level 1.7 Throwing
 - Level 6.1 Armour
 - Level 1.1 Dodging
 - Level 4.8 Stealth


You had 8 spell levels left.
You didn't know any spells.

Dungeon Overview and Level Annotations

Branches:
Dungeon (10/15)            Temple (0/1) D:7             Orc (3/4) D:10
   Lair: D:8-11         Elf: Orc:3-4

Altars:
Ashenzari
Cheibriados
Makhleb
Qazlal

Annotations:
D:2 Natasha
D:4 brucemayne's ghost, amateur DsBe
D:8 Duffy's ghost, novice CeFE


Innate Abilities, Weirdness & Mutations

You are resistant to damage.
You can recharge devices by infusing magical energy.
You passively map the area around you.
You do not regenerate naturally.


Message History

* * * LOW HITPOINT WARNING * * *
The orc priest barely misses you.
Unknown command.
Evoke which item? (* to show all) (? for menu, Esc to quit)
Okay, then.
Use which ability?
Okay, then.
Drink which item? (? for menu, Esc to quit)
Okay, then.
Use which ability?
Okay, then.
Drink which item? (? for menu, Esc to quit)
You feel better. The orc priest barely misses you.
The orc warrior hits you but does no damage.
Use which ability?
Charge which item? (? for menu, Esc to quit)
Your wand of heal wounds (0) glows for a moment and now has 6 charges.
The orc priest hits you but does no damage.
The orc warrior hits you with a halberd!
You die...

##........#....
* **
......#.#..... ,
............. *
#......$.... *,
, **
#..........., ,
* * #..........
, ###.<.......
##.#.......#. *
* , *
#..@o........,*
, #.o..........
** ,
#..........>.. ,
*,
#......$....#. ,
*
...............,
,*
.....$.....#....
, *
#............##.
,,#......#.....#
,* ,* , ,* ,


You could see an orc warrior and an orc priest.

Vanquished Creatures
  A centaur zombie (D:10)
  Prince Ribbit (D:7)
  Eustachio (D:4)
  A hungry ghost (D:7)
  A warg (Orc:2)
  3 orc warriors
  A necrophage (D:6)
  3 ogres
  3 centaurs
  A big kobold (D:7)
  2 giant frogs
  A scorpion (D:7)
  12 killer bees
  A crimson imp (D:10)
  4 hounds
  7 orc priests
  A giant frog skeleton (D:10)
  5 orc wizards
  5 worker ants
  An iguana (D:6)
  5 adders
  A shadow imp (D:6)
  5 giant geckos
  50 orcs
  A ball python (D:6)
  3 giant cockroaches
  2 hobgoblins (D:1)
  6 jackals
  10 kobolds
  2 quokkas (D:4)
  A bat (D:2)
  A giant cockroach zombie (D:5)
  A giant newt (D:1)
  A quokka skeleton (D:7)
  4 rats
148 creatures vanquished.

Notes
Turn   | Place    | Note
--------------------------------------------------------------
     0 | D:1      | brucemayne the Deep Dwarf Assassin began the quest for the Orb.
     0 | D:1      | Reached XP level 1. HP: 19/19 MP: 1/1
   190 | D:2      | Reached skill level 1 in Armour
   190 | D:2      | Reached XP level 2. HP: 10/27 MP: 2/2
   202 | D:2      | Noticed Natasha
   208 | D:2      | HP: 1/27 [Natasha (9)]
   365 | D:3      | Reached XP level 3. HP: 18/33 MP: 3/3
   480 | D:4      | Noticed Eustachio
   579 | D:4      | Killed Eustachio
   579 | D:4      | Reached XP level 4. HP: 33/44 MP: 4/4
   579 | D:4      | Reached XP level 5. HP: 37/50 MP: 5/5
   604 | D:5      | Entered Level 5 of the Dungeon
   721 | D:4      | Noticed brucemayne's ghost (amateur DsBe)
   823 | D:4      | Found a snail-covered altar of Cheibriados.
   824 | D:4      | Found a burning altar of Makhleb.
   828 | D:4      | Became a worshipper of Makhleb the Destroyer
  1118 | D:4      | You fall through a shaft for 2 floors!
  1118 | D:6      | Noticed an ogre
  1121 | D:6      | Killed an ogre
  1121 | D:6      | Reached XP level 6. HP: 29/58 MP: 6/6
  1123 | D:6      | Noticed a centaur
  1130 | D:7      | Noticed Prince Ribbit
  1134 | D:6      | Killed a centaur
  1147 | D:6      | Reached skill level 5 in Armour
  1263 | D:5      | Noticed an ice beast
  1311 | D:6      | Noticed an orc warrior
  1336 | D:6      | Killed an orc warrior
  1336 | D:6      | Reached skill level 5 in Fighting
  1336 | D:6      | Reached XP level 7. HP: 10/67 MP: 7/7
  1534 | D:7      | Noticed a hungry ghost
  1702 | D:6      | Reached * piety under Makhleb
  1792 | D:6      | Reached skill level 6 in Armour
  1856 | D:6      | Noticed a necrophage
  1969 | D:5      | Found a shattered altar of Ashenzari.
  2010 | D:4      | Identified Iskenderun's Incunabulum of Conjuration and the Blaze
  2066 | D:2      | Found a stormy altar of Qazlal.
  2402 | D:6      | Killed a necrophage
  2486 | D:6      | Reached ** piety under Makhleb
  2532 | D:7      | Reached XP level 8. HP: 27/75 MP: 7/7
  2555 | D:7      | Reached skill level 5 in Axes
  2628 | D:7      | Killed Prince Ribbit
  2660 | D:7      | Reached skill level 7 in Axes
  2791 | D:7      | Found a staircase to the Ecumenical Temple.
  2883 | D:7      | Reached skill level 8 in Axes
  2984 | D:8      | Noticed Duffy's ghost (novice CeFE)
  3089 | D:7      | Reached skill level 9 in Axes
  3089 | D:7      | Gained mutation: You passively map the area around you. [Deep Dwarf growth]
  3089 | D:7      | Reached XP level 9. HP: 41/81 MP: 7/7
  3170 | D:7      | Killed a hungry ghost
  3196 | D:8      | Reached *** piety under Makhleb
  3239 | D:7      | Got a smoking mace
  3296 | D:8      | Noticed a purple ugly thing
  3427 | D:8      | Got a transparent scale mail
  3458 | D:8      | Reached skill level 10 in Axes
  3489 | D:9      | Identified the cursed +0 scale mail "Hemenlo" {+Inv rF- rN+ MR+ SInv} (You found it on level 8 of the Dungeon)
  3527 | D:10     | Entered Level 10 of the Dungeon
  3577 | D:10     | Noticed a centaur zombie
  3599 | D:10     | Killed a centaur zombie
  3613 | D:10     | Found a staircase to the Orcish Mines.
  3633 | Orc:1    | Entered Level 1 of the Orcish Mines
  3650 | Orc:1    | Reached skill level 11 in Axes
  3705 | Orc:1    | Reached **** piety under Makhleb
  4022 | Orc:3    | Slain by an orc warrior

Vault maps used:
D:1:      grunt_arrival_lava_bath, minmay_misc_feat_tower, minmay_cut_off
D:2:      lemuel_doored_altar, uniq_natasha
D:3:      cheibriados_altar_1
D:4:      minitemple, first_bread, uniq_grinder, uniq_eustachio
D:5:      kennysheep_little_box, serial_shops, shop, uniq_blork_the_orc
D:6:      serial_shops, kennysheep_mini_moat
D:7:      minmay_temple_entry_statues_pillars, uniq_prince_ribbit1
D:8:      grunt_temple_overflow_diamond, david_nohive_1,
          kennysheep_generic_room_13, uniq_maurice, uniq_erica, uniq_grum,
          uniq_psyche
D:9:      hangedman_cross_stitches, basic_altar, chei_slow_surprise, uniq_joseph
D:10:     david_orc_2, corexii_checkpoint_b, minmay_evil_grid, uniq_maud
Orc:1:    led_sif_book
Orc:2:    nicolae_alphabet_shops
Orc:3:    nicolae_orc_pool_cavern, minmay_orc_barracks

Action                   |  1- 3 |  4- 6 |  7- 9 || total
-------------------------+-------+-------+-------++-------
Melee: Dagger            |    53 |   149 |    22 ||   224
       Hand axe          |       |       |   201 ||   201
       War axe           |       |       |   287 ||   287
 Fire: Blowgun           |    21 |    11 |   108 ||   140
 Abil: Device Recharging |       |       |     3 ||     3
Evoke: Wand              |     2 |     5 |    17 ||    24
  Use: Scroll            |       |     2 |    10 ||    12
       Potion            |       |       |     3 ||     3
 Stab: Sleeping          |     6 |     1 |     3 ||    10
  Eat: Chunk             |       |     2 |     9 ||    11
       Bread ration      |       |       |     1 ||     1
       Pizza             |       |       |     1 ||     1
       Beef jerky        |       |       |     1 ||     1
